Map: Carnage disco EC

Players

AsTro - Winner!

  • Race: Zerg Zerg
  • League: Diamond
  • Spawn Location: 9:00

KontakTFR

  • Race: Zerg Zerg
  • League: Diamond
  • Spawn Location: 3:00

VOD

Have the link to the VOD?

Description

Time

  • Played on: Oct. 19, 2019, 3:47 p.m.
  • Length: 6:53
Show
View Real Time Build Order
Export as new Build Order

AsTro Zerg - Winner!

Build Orders: Hatch First 

Get SALT Encoding   

  12  0:01  Drone  
  13  0:16  Overlord  
  13  0:17  Drone  
  14  0:34  Drone x2  
  16  0:52  Hatchery  
  16  0:55  Drone x2  
  17  0:59  Extractor  
  17  1:03  Drone  
  17  1:16  Spawning Pool  
  17  1:18  Drone  
  17  1:23  Drone  
  18  1:32  Drone  
  19  1:47  Drone  
  20  1:56  Drone  
  21  2:04  Queen x2  
  21  2:05  Zergling x4  
  27  2:17  Drone, Metabolic Boost  
  27  2:19  Overlord  
  28  2:42  Zergling x2  
  28  2:43  Zergling x4  
  31  2:45  Drone  
  31  2:46  Hatchery  
  31  2:48  Drone  
  32  2:51  Drone  
  31  3:12  Drone x4  
  35  3:27  Zergling x2, Roach Warren  
  35  3:28  Overlord  
  35  3:29  Overlord  
  35  3:47  Zergling x6  
  35  3:48  Zergling x12  
  44  4:03  Overlord  
  44  4:04  Overlord x2  
  42  4:27  Roach  
  42  4:28  Roach x7  
  58  4:38  Roach x3  
  64  4:44  Roach  
  66  4:47  Roach x3  
  66  4:52  Roach x2  
  76  4:56  Roach  
  76  4:59  Roach  
  80  5:25  Zergling x2  
  80  5:26  Zergling x2  
  80  5:27  Overlord x3  
  82  5:47  Roach x5  
  82  5:48  Zergling x4  
  82  5:49  Zergling x10  
  99  6:05  Zergling x2  
  92  6:22  Zergling x2  
  92  6:23  Zergling x6  
Show
View Real Time Build Order
Export as new Build Order

KontakTFR Zerg 

Build Orders: Hatch First 

Get SALT Encoding   

  12  0:01  Drone  
  13  0:12  Overlord  
  13  0:16  Drone  
  14  0:31  Drone x2  
  16  0:49  Hatchery  
  15  0:52  Drone  
  15  0:55  Drone  
  17  0:58  Drone  
  18  1:09  Extractor  
  17  1:14  Spawning Pool  
  17  1:17  Drone  
  17  1:20  Drone  
  18  1:28  Drone  
  19  1:39  Drone  
  20  1:50  Overlord  
  20  2:02  Drone x2, Queen x2  
  26  2:12  Zergling x2  
  26  2:14  Drone  
  28  2:15  Metabolic Boost  
  28  2:23  Zergling x4  
  30  2:33  Hatchery  
  30  2:36  Drone  
  30  2:41  Drone  
  31  2:45  Baneling Nest  
  30  2:52  Drone  
  30  2:53  Drone  
  30  2:54  Overlord  
  31  3:07  Overlord  
  31  3:08  Drone x2  
  33  3:13  Zergling x6  
  33  3:14  Zergling x2  
  37  3:20  Overlord  
  37  3:22  Drone x2  
  37  3:24  Drone  
  39  3:32  Overlord  
  39  3:35  Drone  
  40  3:43  Drone  
  40  3:44  Drone  
  41  3:52  Baneling x2  
  41  3:55  Drone x7  
  48  3:58  Drone  
  48  4:00  Lair  
  48  4:01  Extractor  
  48  4:02  Extractor  
  47  4:14  Zergling x10  
  51  4:20  Evolution Chamber  
  51  4:21  Evolution Chamber  
  51  4:23  Zergling x2  
  51  4:24  Zergling x4  
  50  4:34  Baneling, Roach Warren  
  50  4:35  Baneling  
  49  4:40  Baneling  
  49  4:47  Baneling  
  49  4:54  Drone x5  
  49  4:59  Drone x2  
  56  5:04  Hatchery  
  55  5:15  Drone  
  55  5:16  Drone x4  
  60  5:26  Nydus Network, Roach  
  60  5:27  Roach x2  
  65  5:34  Roach  
  67  5:35  Overlord x2  
  67  5:55  Roach x4  
  67  5:56  Spine Crawler x2  
  72  5:58  Spine Crawler  
  68  6:10  Roach  
  68  6:11  Roach x5  
  53  6:22  Spine Crawler  
  32  6:28  Roach x3  
  32  6:29  Spine Crawler  
Tags
 
Add a new tag
Caveats
  • Supply blocks, unpowered buildings, or Contaminate may cause inaccurate times.
  • Supply counts are checked every 10 seconds.